 Dungeon Crawl Stone Soup version 0.31-a0-667-g39726597b9 (webtiles) character file.

Game seed: 17703455356787621992

319 dindolion the Slasher (level 6, 0/48 HPs)
             Began as a Human Fighter on Sept 4, 2023.
             Slain by a quokka (2 damage)
             ... on level 3 of the Dungeon.
             The game lasted 00:10:01 (2833 turns).

dindolion the Slasher (Human Fighter)               Turns: 2833, Time: 00:10:02

Health: 0/48       AC:  8    Str: 16    XL:     6   Next: 74%
Magic:  6/6        EV:  9    Int:  9    God:
Gold:   141        SH:  5    Dex: 14    Spells: 5/5 levels left

rFire   . . .        a - +0 long sword
rCold   . . .        c - +0 buckler
rNeg    . . .        b - +0 scale mail
rPois   .            (no helmet)
rElec   .            (no cloak)
rCorr   .            f - +0 pair of gloves
SInv    .            (no boots)
Will    .....        (no amulet)
Stlth   +            k - ring of flight
HPRegen 0.28/turn    (no ring)
MPRegen 0.10/turn

%: no passive effects
@: mighty, flying
A: no striking features
a: no special abilities


You were on level 3 of the Dungeon.
You visited 1 branch of the dungeon, and saw 3 of its levels.
You also visited: Sewer.

You collected 141 gold pieces.

Inventory:

Hand Weapons
 a - a +0 long sword (weapon)
Missiles
 i - 6 silver javelins
 n - a curare-tipped dart
 r - 25 poisoned darts
Armour
 b - a +0 scale mail (worn)
 c - a +0 buckler (worn)
 f - a +0 pair of gloves (worn)
Jewellery
 k - a ring of flight (left hand)
Scrolls
 g - 6 scrolls of teleportation
 p - a scroll of amnesia {unknown}
 s - 2 scrolls of fear {unknown}
Potions
 d - a potion of might
 e - a potion of brilliance {unknown}
 h - 2 potions of enlightenment {unknown}
 j - a potion of heal wounds {unknown}
 l - 3 potions of curing {unknown}
 m - a potion of mutation {unknown}
 q - a potion of ambrosia {unknown}


   Skills:
 * Level 3.9 Fighting
 * Level 4.4 Long Blades
 * Level 4.1 Armour
 + Level 0.9 Dodging
 * Level 1.6 Stealth
 * Level 3.5 Shields


You had 5 spell levels left.
You didn't know any spells.
Your spell library contained the following spells:

 Spells                   Type           Power      Damage    Failure   Level
 Blink                    Tloc           0%         N/A       95%         2
 Ensorcelled Hibernation  Hex/Ice        0%         N/A       95%         2
 Lesser Beckoning         Tloc           0%         N/A       95%         2
 Momentum Strike          Conj/Tloc      0%         3d8       95%         2
 Passwall                 Tmut/Erth      0%         N/A       95%         2
 Scorch                   Fire           0%         2d5       95%         2
 Swiftness                Air            0%         N/A       99%         3


Dungeon Overview and Level Annotations

Branches:
Dungeon (3/15)              Sewer (visited)

Altars:
Ru

Annotations:
D:3 1 runed translucent door, 2 transporters, Beaer's ghost, weakling DsFi; Crazy Yiuf; Grinder


Message History

You block the quokka's attack.
You feel very mighty all of a sudden. Grinder hits you!
* * * LOW HITPOINT WARNING * * *
You writhe in agony.
* * * LOW HITPOINT WARNING * * *
The quokka bites you.
* * * LOW HITPOINT WARNING * * *
You closely miss Grinder.
Grinder is moderately wounded.
You block the quokka's attack. Grinder gestures at you.
You resist with significant effort.
Unknown command.
You slash Grinder!
Grinder is severely wounded.
The quokka closely misses you.
Grinder says, "Wait up."
Grinder gestures at you. You resist with significant effort.
You block the quokka's attack.
Unknown command.
You slash Grinder!
Grinder is severely wounded.
Grinder hits you but does no damage. The quokka bites you.
* * * LOW HITPOINT WARNING * * *
Grinder closely misses you.
Unknown command.
You hit Grinder.
Grinder is almost dead.
You block the quokka's attack. Grinder gestures at you.
You suddenly lose the ability to move!
The quokka bites you but does no damage.
Grinder blinks!
The quokka bites you but does no damage.
You can move again.
You completely miss the quokka.
The quokka is almost dead.
The quokka bites you.
You die...

#..#.......#............
#..#.......#...#......#.
#..........##<##......#+
#..........######...[...
#..........# #.......
#..........######...(...
#........5.#......#.....
########.###............
.......@.# #........©...
......r..# #....########
.........# #...##8gJg..8
.........# #...#.b......
.........+ +...#.##...##
.........# #...#.##...##
.........# ##..#....©...
.........# #..#.##. .##
#.[#.# . #


You could see Grinder and a quokka.

Vanquished Creatures
  2 kobold brigands (Sewer)
  Terence (D:3)
  6 adders
  A river rat (D:3)
  A worm (Sewer)
  A dart slug (D:3)
  2 orcs (D:3)
  14 endoplasms
  2 giant cockroaches
  8 hobgoblins
  7 quokkas
  5 ball pythons
  5 bats
  A frilled lizard (D:2)
  4 goblins
  12 kobolds
  15 rats
87 creatures vanquished.

Notes
Turn   | Place    | Note
-------+----------+-------------------------------------------
     0 | D:1      | dindolion the Human Fighter began the quest for the Orb.
     0 | D:1      | Reached XP level 1. HP: 18/18 MP: 1/1
   379 | D:1      | Reached XP level 2. HP: 21/24 MP: 2/2
   723 | D:1      | Reached XP level 3. HP: 29/29 MP: 3/3
  1085 | D:2      | Found a faded altar of an unknown god.
  1400 | D:2      | Got the Tractate on the Red-Hot Blink Frog
  1778 | D:3      | Reached XP level 4. HP: 34/35 MP: 4/4
  1858 | D:3      | Found a runed translucent door.
  1859 | D:3      | Noticed Crazy Yiuf
  1867 | D:3      | Found a transporter.
  1875 | D:3      | Noticed a sky beast
  2000 | D:3      | Found a transporter.
  2000 | D:3      | Noticed Beaer's ghost (weakling DsFi)
  2004 | D:3      | Noticed Terence
  2016 | D:3      | Killed Terence
  2069 | D:3      | Reached XP level 5. HP: 20/41 MP: 5/5
  2075 | D:3      | Reached skill level 1 in Stealth
  2111 | D:3      | Found a glowing drain.
  2117 | Sewer    | Entered a sewer
  2231 | Sewer    | Noticed a kobold brigand
  2257 | Sewer    | Killed a kobold brigand
  2258 | Sewer    | Reached XP level 6. HP: 14/48 MP: 6/6
  2713 | D:3      | Found a sacrificial altar of Ru.
  2816 | D:3      | Noticed Grinder
  2820 | D:3      | Paralysed by Grinder for 5 turns
  2827 | D:3      | HP: 2/48 [Grinder (1)]
  2831 | D:3      | Paralysed by Grinder for 2 turns
  2833 | D:3      | Slain by a quokka

Illustrated notes

Levels and vault maps discovered:
D:1:      erik_arrival_triangle_small, layout_loops_corners,
          minmay_misc_feat_secret_circle, minmay_rat_gold_closets
D:2:      layout_loops_ring, hellmonk_ecumenical_altar_crossroads
D:3:      layout_basic, hangedman_ru_absence, gammafunk_ghost_arena,
          gup_sewer_entry_bubbles, grunt_ministairs_3, uniq_grinder,
          uniq_crazy_yiuf_cottage, uniq_terence

Skill      XL: |  1  2  3  4  5  6 |
---------------+-------------------+-----
Long Blades    | 3 4 |  4.4
Stealth        | 1 |  1.6
Armour         | 4 |  4.1
Fighting       | |  3.9
Dodging        | |  0.9
Shields        | |  3.5

Action                     |  1- 3 |  4- 6 || total
---------------------------+-------+-------++-------
  Melee: Long sword        |   104 |   202 ||   306
    Use: Scroll            |     8 |     2 ||    10
         Potion            |       |     1 ||     1
 Armour: Scale mail        |    59 |   134 ||   193
  Dodge: Dodged            |    24 |    74 ||    98
  Block: Buckler           |    20 |    42 ||    62

Table legend: (Time is in decaauts)
 A = Elapsed time spent in this place.
 B = Non-inter-level travel time spent in this place.
 C = Inter-level travel time spent in this place.
 D = Time resting spent in this place.
 E = Time spent auto-exploring this place.
 F = Levels seen in this place.
 G = Mean time per level.
                   A        B        C        D        E       F      G
               +--------+--------+--------+--------+--------+-----+--------+
         Total |   2919 |   2645 |    274 |    230 |   1305 |   4 |  729.8 |
       Dungeon |   2333 |   2059 |    274 |     17 |   1284 |   3 |  777.7 |
         Sewer |    585 |    585 |      0 |    213 |     21 |   1 |  585.0 |
               +--------+--------+--------+--------+--------+-----+--------+

Top non-repeatable levels by time:
     D:1: 1023 daAuts
     D:2: 764 daAuts
   Sewer: 585 daAuts
     D:3: 545 daAuts
